 Dungeon Crawl Stone Soup version 0.27-a0-1188-g73eefd5def (webtiles) character file.

Game seed: 14931849745937960414

2212 Glokmah the Chopper (level 9, 0/69 HPs)
             Began as a Demonspawn Fighter on May 22, 2021.
             Was a Follower of Qazlal.
             Slain by a killer bee (1 damage)
             ... on level 7 of the Dungeon.
             The game lasted 00:10:07 (7361 turns).

Glokmah the Chopper (Demonspawn Fighter)            Turns: 7361, Time: 00:10:08

Health: 0/69       AC:  9    Str: 18    XL:     9   Next: 13%
Magic:  9/9        EV:  7    Int:  9    God:    Qazlal [*.....]
Gold:   325        SH: 20    Dex: 15    Spells: 8/8 levels left

rFire    . . .     SeeInvis .   a - +1 war axe
rCold    . . .     Faith    .   c - +3 kite shield
rNeg     . . .     Spirit   .   q - +0 scale mail
rPois    .         Reflect  +   (helmet restricted)
rElec    .         Harm     .   (no cloak)
rCorr    .         Rampage  .   (no gloves)
Will     .....                  (no boots)
Stlth    ..........             p - amulet of reflection
HPRegen  0.21/turn              (no ring)
MPRegen  0.11/turn              (no ring)

@: mighty, lethally poisoned (0 -> -6)
A: horns 2, sharp scales 2
a: Renounce Religion


You were on level 7 of the Dungeon.
You worshipped Qazlal.
Qazlal was aware of your devotion.
You visited 2 branches of the dungeon, and saw 8 of its levels.

You collected 325 gold pieces.

Inventory:

Hand Weapons
 a - a +1 war axe (weapon)
 b - a +2 antimagic short sword
Missiles
 f - 7 boomerangs
 s - 2 throwing nets
 t - 26 poisoned darts (quivered)
Armour
 c - a +3 kite shield (worn)
 q - a +0 scale mail (worn)
Jewellery
 p - an amulet of reflection (around neck)
Wands
 r - a wand of charming (12)
 u - a wand of digging (4)
Scrolls
 g - 2 scrolls of teleportation
 j - a scroll of fog
 l - a scroll of enchant weapon
 n - a scroll of noise
Potions
 e - a potion of resistance {unknown}
 h - a potion of ambrosia {unknown}
 k - a potion of magic {unknown}


   Skills:
 + Level 6.1 Fighting
 * Level 7.2 Axes
 + Level 5.6 Armour
 + Level 5.6 Shields


You had 8 spell levels left.
You didn't know any spells.
Your spell library contained the following spells:

 Spells                   Type           Power      Damage    Failure   Level
 Corona                   Hex            0%         N/A       99%         1
 Sandblast                Erth           0%         2d4       99%         1
 Ensorcelled Hibernation  Hex/Ice        0%         N/A       99%         2
 Passwall                 Tmut/Erth      0%         N/A       99%         2
 Confusing Touch          Hex            0%         N/A       100%        3
 Dazzling Flash           Conj/Hex       0%         N/A       100%        3
 Stone Arrow              Conj/Erth      0%         3d7       100%        3
 Tukima's Dance           Hex            0%         N/A       100%        3
 Petrify                  Tmut/Erth      0%         N/A       100%        4
 Lee's Rapid Deconstruct  Erth           0%         3d5*      100%        5


Dungeon Overview and Level Annotations

Branches:
Dungeon (7/15)             Temple (1/1) D:4

Altars:
Ashenzari
Cheibriados
Dithmenos
Elyvilon
Fedhas
Gozag
Hepliaklqana
Kikubaaqudgha
Makhleb
Nemelex Xobeh
Okawaru
Qazlal
Ru
Sif Muna
Trog
Uskayaw
Wu Jian
Xom
Yredelemnul
Zin
The Shining One


Innate Abilities, Weirdness & Mutations

You have a pair of horns on your head.
You are mostly covered in razor-sharp scales. (AC +2, Slay +2)


Message History

You block the killer bee's attack.
The killer bee stings you but does no damage.
You block the killer bee's attack. x2; The killer bee stings you.
You are more poisoned.
The killer bee poisons you!
The killer bee stings you but does no damage.
The killer bee barely misses you. x2
You completely miss the killer bee. Your headbutt misses the killer bee.
The killer bee is moderately wounded.
You slash the killer bee! You miss the killer bee.
You feel very sick. You block the killer bee's attack.
The killer bee stings you but does no damage.
You block the killer bee's attack. x2; The killer bee stings you.
The killer bee stings you but does no damage.
The killer bee barely misses you. You block the killer bee's attack. x2
You barely miss the killer bee. Your headbutt misses the killer bee.
The killer bee is moderately wounded.
You hit the killer bee.
You hit the killer bee but do no damage.
You feel sick. The killer bee stings you.
* * * LOW HITPOINT WARNING * * *
You block the killer bee's attack. The killer bee completely misses you.
You block the killer bee's attack. x2; The killer bee stings you.
* * * LOW HITPOINT WARNING * * *
You block the killer bee's attack.
You feel better. You block the killer bee's attack. x2
The killer bee stings you but does no damage.
The killer bee stings you.
* * * LOW HITPOINT WARNING * * *
You are poisoned.
The killer bee poisons you! The killer bee stings you.
* * * LOW HITPOINT WARNING * * *
You block the killer bee's attack.
You feel very mighty all of a sudden.
* * * LOW HITPOINT WARNING * * *
You feel sick. The killer bee stings you.
* * * LOW HITPOINT WARNING * * *
The killer bee stings you.
You die...

########### #######
#......>..# ######.....#
#.....###.#######...##.....#
#.###......yyy.............#
#.#######.##y@.##...##.....#
#....y....#.....#..........#
#.##########...##.#...##.###
#.###### ##.###...#.##.#
###......# #.# #.#......#
#....†#..# #.###...#..#.#
#.#♣..Py.♣ #+##..#......#
#.P...;y.... .#....#..###
#.♣..♣≈♣≈≈... .>..#....##


You could see 4 killer bees.

Vanquished Creatures
  A troll (D:6)
  A steam dragon (D:6)
  A water moccasin (D:6)
  2 ice beasts
  An ogre (D:6)
  A necrophage (D:3)
  A centaur (D:6)
  A phantom (D:6)
  A kobold brigand (D:4)
  Blork the orc (D:5)
  A bullfrog (D:3)
  A water moccasin zombie (D:6)
  A killer bee (D:7)
  A wight (D:6)
  A howler monkey (D:5)
  A bullfrog zombie (D:6)
  A hound (D:6)
  A centaur zombie (D:6)
  A gnoll shaman (D:6)
  2 centaur skeletons
  3 orc priests
  3 bullfrog skeletons
  5 iguanas
  A scorpion zombie (D:5)
  5 orc wizards
  A killer bee zombie (D:4)
  2 hound skeletons
  3 gnolls (D:6)
  6 adders
  A white imp (D:6)
  An ufetubus (D:6)
  A worm (D:2)
  2 dart slugs
  17 orcs
  7 endoplasms
  5 giant cockroaches
  9 hobgoblins
  12 jackals
  6 kobolds
  A quokka (D:1)
  7 ball pythons
  4 bats
  3 frilled lizards
  4 goblins
  4 rats
135 creatures vanquished.

Vanquished Creatures (others)
  4 plants
4 creatures vanquished.

Grand Total: 139 creatures vanquished

Notes
Turn   | Place    | Note
-------+----------+-------------------------------------------
     0 | D:1      | Glokmah the Demonspawn Fighter began the quest for the Orb.
     0 | D:1      | Reached XP level 1. HP: 18/18 MP: 1/1
   128 | D:1      | Reached skill level 2 in Axes
   281 | D:1      | Gained mutation: You are partially covered in razor-sharp
                  | scales. (AC +1, Slay +1) [demonic ancestry]
   281 | D:1      | Reached XP level 2. HP: 24/24 MP: 2/2
   514 | D:1      | You fall into a shaft and drop 1 floor!
   677 | D:1      | Found a faded altar of an unknown god.
   888 | D:2      | Gained mutation: You have a pair of small horns on your
                  | head. [demonic ancestry]
   888 | D:2      | Reached XP level 3. HP: 18/29 MP: 3/3
  1601 | D:2      | Reached XP level 4. HP: 21/35 MP: 4/4
  2332 | D:3      | Reached skill level 3 in Axes
  2585 | D:3      | Noticed a bullfrog
  2594 | D:3      | Killed a bullfrog
  2595 | D:3      | Gained mutation: You are mostly covered in razor-sharp
                  | scales. (AC +2, Slay +2) [demonic ancestry]
  2595 | D:3      | Reached XP level 5. HP: 26/42 MP: 5/5
  2958 | D:3      | Noticed a necrophage
  3150 | D:3      | Killed a necrophage
  3151 | D:3      | Reached XP level 6. HP: 32/48 MP: 6/6
  3345 | D:3      | Found a hide-covered altar of Uskayaw.
  3620 | D:4      | Reached skill level 4 in Axes
  3849 | D:4      | Found a staircase to the Ecumenical Temple.
  3854 | Temple   | Entered the Ecumenical Temple
  3949 | Temple   | Became a worshipper of Qazlal Stormbringer
  4497 | D:4      | Found a blossoming altar of Fedhas.
  4507 | D:4      | Found an opulent altar of Gozag.
  4588 | D:5      | Entered Level 5 of the Dungeon
  4646 | D:5      | Gained mutation: You have a pair of horns on your head.
                  | [demonic ancestry]
  4646 | D:5      | Reached XP level 7. HP: 55/55 MP: 7/7
  4755 | D:5      | Noticed Blork the orc
  4763 | D:5      | Killed Blork the orc
  5141 | D:5      | Reached skill level 5 in Axes
  5614 | D:6      | Reached skill level 5 in Fighting
  5684 | D:6      | Reached XP level 8. HP: 34/62 MP: 8/8
  5936 | D:6      | Reached skill level 6 in Axes
  5936 | D:6      | Reached skill level 5 in Armour
  5936 | D:6      | Reached skill level 5 in Shields
  6179 | D:6      | Reached * piety under Qazlal
  6442 | D:6      | Noticed a troll
  6462 | D:6      | Killed a troll
  6995 | D:6      | Reached skill level 7 in Axes
  6995 | D:6      | Reached XP level 9. HP: 69/69 MP: 9/9
  7361 | D:7      | HP: 1/69 [killer bee (6)]
  7361 | D:7      | Slain by a killer bee

Illustrated notes

Levels and vault maps discovered:
D:1:      psy_arrival_statuary, layout_rooms,
          hellmonk_ecumenical_altar_crossroads
D:2:      layout_loops_corners, minivault_5
D:3:      layout_basic, general_overflow_altar
D:4:      layout_cave_pools, amethyst_overflow_temple_binary, temple_doors_ab,
          minmay_ruptured
D:5:      layout_layer_cave, dk_vineyard_2, uniq_blork_the_orc
D:6:      layout_basic, serial_bayou_pond_b
D:7:      layout_loops_corners, hangedman_abyss_or_decor_stagger,
          serial_bayou_pond_a, minmay_misc_feat_pillars,
          minmay_misc_feat_four_crosses, grunt_ministairs_10,
          palyth_stone_intersect, kennysheep_generic_room_11
Temple:   compressed_dpeg_circular_temple

Skill      XL: |  1  2  3  4  5  6  7  8 |
---------------+-------------------------+-----
Axes           | 2 3 4 5 7 |  7.2
Armour         | 3 4 5 |  5.6
Shields        | 3 4 5 |  5.6
Fighting       | 4 5 6 |  6.1

Action                   |  1- 3 |  4- 6 |  7- 9 || total
-------------------------+-------+-------+-------++-------
Melee: War axe           |   112 |   129 |   149 ||   390
       Headbutt          |     5 |    14 |    33 ||    52
Throw: Boomerang         |     2 |     9 |       ||    11
       Dart              |       |       |    14 ||    14
  Use: Potion            |     2 |       |     3 ||     5
       Scroll            |       |    11 |     2 ||    13
Armor: Scale mail        |    72 |    51 |    66 ||   189
Dodge: Dodged            |    40 |    29 |    39 ||   108
Block: Kite shield       |    66 |    86 |   200 ||   352
       Reflection        |       |     1 |     5 ||     6

Table legend: (Time is in decaauts)
 A = Elapsed time spent in this place.
 B = Non-inter-level travel time spent in this place.
 C = Inter-level travel time spent in this place.
 D = Time resting spent in this place.
 E = Time spent auto-exploring this place.
 F = Levels seen in this place.
 G = Mean time per level.
                   A        B        C        D        E       F      G
               +--------+--------+--------+--------+--------+-----+--------+
         Total |   7586 |   7095 |    491 |    646 |   5087 |   8 |  948.2 |
       Dungeon |   7470 |   7013 |    457 |    646 |   5013 |   7 | 1067.1 |
        Temple |    115 |     81 |     34 |      0 |     74 |   1 |  115.0 |
               +--------+--------+--------+--------+--------+-----+--------+

Top non-repeatable levels by time:
     D:6: 1633 daAuts
     D:2: 1583 daAuts
     D:3: 1218 daAuts
     D:5: 1028 daAuts
     D:4: 1027 daAuts
     D:1: 803 daAuts
     D:7: 175 daAuts
  Temple: 115 daAuts
